 Dungeon Crawl Stone Soup version 0.32-a0-131-g9dbbe29 (webtiles) character file.

Game seed: 10703470872207583449

245 Dorkslayer the Ruffian (level 6, 0/42 HPs)
             Began as an Octopode Fighter on Feb 8, 2024.
             Slain by an adder (10 damage)
             ... on level 3 of the Dungeon.
             The game lasted 00:07:09 (2625 turns).

Dorkslayer the Ruffian (Octopode Fighter)           Turns: 2625, Time: 00:07:10

Health: 0/42       AC:  1    Str: 18    XL:     6   Next: 10%
Magic:  6/6        EV:  2    Int: 10    God:
Gold:   148        SH:  0    Dex: 11    Spells: 5/5 levels left

rFire   . .          .
                       - Unarmed
rCold   . . .        j - +3 kite shield
rNeg    . . .        (helmet restricted)
rPois   .            (no amulet)
rElec   .            (no ring)
rCorr   .            (no ring)
SInv    .            (no ring)
Will    .....        (no ring)
Stlth   +++          (no ring)
HPRegen 0.27/turn    (no ring)
MPRegen 0.10/turn    (no ring)
                     (no ring)

%: no passive effects
@: sleeping
A: almost no armour, amphibious, 8 rings, camouflage 1, gelatinous body 1,
(nimble swimmer 1), tentacles
a: no special abilities


You were on level 3 of the Dungeon.
You visited 1 branch of the dungeon, and saw 3 of its levels.
You also visited: Sewer.

You collected 148 gold pieces.

Inventory:

Hand Weapons
 o - a +1 spear of flaming
Missiles
 g - a curare-tipped dart (quivered)
 l - 3 boomerangs
 n - a throwing net
Armour
 j - a +3 kite shield (worn)
Scrolls
 d - a scroll of blinking
 k - a scroll of fog
Potions
 a - 3 potions of brilliance {unknown}
 b - 3 potions of might
 c - a potion of invisibility
 e - 3 potions of haste
 f - 3 potions of cancellation {unknown}
 h - 2 potions of mutation {unknown}
 i - 2 potions of curing
 m - a potion of heal wounds {unknown}


   Skills:
 + Level 3.4 Fighting
 + Level 3.6 Dodging
 + Level 2.5 Stealth
 + Level 3.6 Shields
 * Level 4.6 Unarmed Combat


You had 5 spell levels left.
You didn't know any spells.
Your spell library was empty.

Dungeon Overview and Level Annotations

Branches:
Dungeon (3/15)              Sewer (visited)

Altars:
Kikubaaqudgha
Okawaru

Shops:
D:1 :


Innate Abilities, Weirdness & Mutations

You cannot wear most types of armour.
You are amphibious.
You can wear up to eight rings at the same time.
Your skin changes colour to match your surroundings (Stealth+).
Your rubbery body absorbs attacks. (AC +1, EV +1)
((You are camouflaged when in or above water. (Stealth+)))
You have tentacles for arms and can constrict up to eight enemies at once.


Message History

The sleepcap releases spores at you!
The adder hisses angrily.
You tentacle-slap the sleepcap but do no damage.
You constrict the sleepcap. The sleepcap releases spores at you.
You are engulfed in a cloud of soporific spores!
You fall asleep.
You lose your grip on the sleepcap.
The adder bites you.
You wake up.
You tentacle-slap the sleepcap. You grab the sleepcap.
You squeeze the sleepcap, but do no damage.
The sleepcap is moderately damaged.
You constrict the sleepcap. The adder bites you.
The sleepcap releases spores at you.
You are engulfed in a cloud of soporific spores!
You are unaffected.
You completely miss the sleepcap. You tentacle-slap the sleepcap.
You squeeze the sleepcap!
The sleepcap is severely damaged.
You constrict the sleepcap. The adder bites you but does no damage.
The sleepcap releases spores at you.
You are engulfed in a cloud of soporific spores!
You are unaffected.
The adder bites you.
You tentacle-slap the sleepcap but do no damage.
The sleepcap is severely damaged.
You constrict the sleepcap. You block the sleepcap's attack.
The adder barely misses you.
Unknown command.
You tentacle-slap the sleepcap but do no damage.
The sleepcap is severely damaged.
You constrict the sleepcap. You block the adder's attack.
You block the sleepcap's attack.
Unknown command.
You completely miss the sleepcap.
The sleepcap is almost destroyed.
You constrict the sleepcap. You block the adder's attack.
The sleepcap releases spores at you.
* * * LOW HITPOINT WARNING * * *
You are engulfed in a cloud of soporific spores!
You fall asleep.
You lose your grip on the sleepcap.
The adder bites you!
You die...

##.# ####...##.######
#.# ##.###.# #.# ###
#.# ##.#### ##'##
#.....# ##...##
#..##.# ##.....##
#..#..# #.......##
#...f.####......[..##
#...@....+.........'.
#...S.####.........##
##.#.## ##.......##
#.### ##.....## #.#
##...## #.# ##+# #.#
#.


You could see a sleepcap and an adder.

Vanquished Creatures
  A kobold brigand (Sewer)
  5 gnolls
  5 adders
  A ribbon worm (D:2)
  4 dart slugs
  2 orcs (D:3)
  6 endoplasms
  3 giant cockroaches
  4 hobgoblins (D:1)
  4 jackals (D:1)
  18 kobolds
  4 quokkas
  8 ball pythons
  3 bats
  3 frilled lizards (D:1)
  3 rats
74 creatures vanquished.

Notes
Turn   | Place    | Note
-------+----------+-------------------------------------------
     0 | D:1      | Dorkslayer the Octopode Fighter began the quest for the
                  | Orb.
     0 | D:1      | Reached XP level 1. HP: 16/16 MP: 1/1
    81 | D:1      | Reached XP level 2. HP: 15/21 MP: 2/2
   245 | D:1      | Found Gimijid's Book Boutique.
   511 | D:1      | Reached XP level 3. HP: 23/26 MP: 3/3
  1042 | D:2      | Reached XP level 4. HP: 31/31 MP: 4/4
  1640 | D:3      | Found an ancient bone altar of Kikubaaqudgha.
  1648 | D:3      | Found a glowing drain.
  1652 | D:3      | Reached skill level 3 in Unarmed Combat
  1672 | Sewer    | Entered a sewer
  1762 | Sewer    | Reached skill level 1 in Stealth
  1817 | Sewer    | Noticed a kobold brigand
  1830 | Sewer    | Killed a kobold brigand
  1831 | Sewer    | Reached XP level 5. HP: 33/36 MP: 5/5
  1878 | Sewer    | Reached skill level 4 in Unarmed Combat
  1940 | D:3      | Found a faded altar of an unknown god.
  2383 | D:3      | HP: 1/36 [gnoll/+0 spear (4)]
  2385 | D:3      | Reached XP level 6. HP: 11/42 MP: 6/6
  2597 | D:3      | Found an iron altar of Okawaru.
  2625 | D:3      | Slain by an adder

Illustrated notes

Levels and vault maps discovered:
D:1:      elethiomel_arrival_shortcut, layout_basic, serial_shops, shop_statue,
          nicolae_grassy_gnolls
D:2:      layout_loops_ring
D:3:      layout_loops_corners, kiku_gazebo_garden_becter,
          okawaru_metal_pillars_1_2, cheibrodos_sewer_entry_drain,
          hellmonk_ecumenical_altar_arch_garden

Skill      XL: |  1  2  3  4  5 |
---------------+----------------+-----
Unarmed Combat | 3 4 |  4.6
Stealth        | 1 2 |  2.5
Fighting       | |  3.4
Dodging        | |  3.6
Shields        | |  3.6

Action                     |  1- 3 |  4- 6 || total
---------------------------+-------+-------++-------
  Melee: Unarmed           |    70 |    95 ||   165
         Constrict         |    24 |    27 ||    51
         Tentacles         |    12 |    20 ||    32
         Punch             |     6 |     7 ||    13
  Throw: Dart              |       |     1 ||     1
    Use: Scroll            |       |     9 ||     9
         Potion            |       |     2 ||     2
   Stab: Sleeping          |     3 |     7 ||    10
 Armour: Skin              |    31 |    32 ||    63
  Dodge: Dodged            |    39 |    45 ||    84
  Block: Buckler           |     9 |       ||     9
         Kite shield       |    10 |    50 ||    60

Table legend: (Time is in decaauts)
 A = Elapsed time spent in this place.
 B = Non-inter-level travel time spent in this place.
 C = Inter-level travel time spent in this place.
 D = Time resting spent in this place.
 E = Time spent auto-exploring this place.
 F = Levels seen in this place.
 G = Mean time per level.
                   A        B        C        D        E       F      G
               +--------+--------+--------+--------+--------+-----+--------+
         Total |   2640 |   2640 |      0 |     52 |   1578 |   4 |  660.0 |
       Dungeon |   2382 |   2382 |      0 |     52 |   1515 |   3 |  794.0 |
         Sewer |    258 |    258 |      0 |      0 |     63 |   1 |  258.0 |
               +--------+--------+--------+--------+--------+-----+--------+

Top non-repeatable levels by time:
     D:1: 994 daAuts
     D:3: 756 daAuts
     D:2: 630 daAuts
   Sewer: 258 daAuts
